 Dungeon Crawl Stone Soup version 0.27.1-4-g1640c2035a (webtiles) character file.

Game seed: 1414901573712010852

84 tizbic2 the Stinger (level 4, -6/35 HPs)
             Began as a Demigod Venom Mage on Nov 16, 2021.
             Killed from afar by Sigmund (8 damage)
             ... with a magic dart
             ... on level 2 of the Dungeon.
             The game lasted 00:12:27 (2052 turns).

tizbic2 the Stinger (Demigod Venom Mage)            Turns: 2052, Time: 00:12:27

Health: -6/35      AC:  3    Str: 19    XL:     4   Next: 3%
Magic:  5/9        EV: 12    Int: 17    God:
Gold:   17         SH:  0    Dex: 14    Spells: 6/7 levels left

rFire    . . .     SeeInvis .   b - +0 hand axe
rCold    . . .     Faith    .   (no shield)
rNeg     . . .     Spirit   .   f - +0 leather armour
rPois    .         Reflect  .   (no helmet)
rElec    .         Harm     .   (no cloak)
rCorr    .         Rampage  .   (no gloves)
Will     .....                  (no boots)
Stlth    ++........             (no amulet)
HPRegen  0.11/turn              h - +6 ring of strength
MPRegen  0.11/turn              (no ring)

@: hasted, very quick
A: high mp 1, forlorn
a: no special abilities


You were on level 2 of the Dungeon.
You visited 1 branch of the dungeon, and saw 2 of its levels.

You collected 17 gold pieces.

Inventory:

Hand Weapons
 b - a +0 hand axe (weapon)
Missiles
 i - 42 stones
Armour
 f - a +0 leather armour (worn)
Jewellery
 h - a +6 ring of strength (left hand)
Scrolls
 a - a scroll of blinking {unknown}
 c - a scroll of fear {unknown}
 e - a scroll of noise {unknown}
 g - a scroll of vulnerability {unknown}
 j - a scroll of enchant weapon {unknown}
Potions
 d - a potion of haste


   Skills:
 + Level 1.1 Fighting
 * Level 2.6 Dodging
 + Level 2.2 Stealth
 + Level 2.1 Spellcasting
 - Level 0.8 Transmutations
 * Level 3.3 Poison Magic


You had 6 spell levels left.
You knew the following spells:

 Your Spells              Type           Power      Damage    Failure   Level
a - Sting                 Tmut/Pois      36%        1d4       10%         1

Your spell library contained the following spells:

 Spells                   Type           Power      Damage    Failure   Level
 Poisonous Vapours        Pois/Air       14%        N/A       17%         2
 Passwall                 Tmut/Erth      2%         N/A       28%         2
 Mephitic Cloud           Conj/Pois/Air  5%         N/A       41%         3
 Olgreb's Toxic Radiance  Pois           13%        N/A       50%         4
 Swiftness                Air            1%         N/A       56%         3
 Invisibility             Hex            0%         N/A       100%        6


Dungeon Overview and Level Annotations

Branches:
Dungeon (2/15)

Shops:
D:1 =

Annotations:
D:2 Sigmund


Innate Abilities, Weirdness & Mutations

Your attributes grow dramatically as you level up.
You have an increased reservoir of magic. (+10% MP)
You shall have no god before yourself.


Message History

Aim: Sigmund, wielding a +0 scythe and wearing a +0 robe (lightly wounded, poisoned, 64% to hit)
The sting hits Sigmund.
Sigmund looks even sicker.
Sigmund is lightly wounded.
Casting: Sting (safe; 10% risk of failure)
Confirm with . or Enter, or press ? or * to list all spells.
Aiming: Sting (safe; 10% risk of failure)
Press: ? - help, Shift-Dir - straight line, f/p - Sigmund
Aim: Sigmund, wielding a +0 scythe and wearing a +0 robe (lightly wounded, very poisoned, 64% to hit)
The sting hits Sigmund.
Sigmund looks even sicker.
Sigmund is moderately wounded.
Sigmund hits you from afar with a +0 scythe!
Casting: Sting (safe; 10% risk of failure)
Confirm with . or Enter, or press ? or * to list all spells.
Aiming: Sting (safe; 10% risk of failure)
Press: ? - help, Shift-Dir - straight line, f/p - Sigmund
Aim: Sigmund, wielding a +0 scythe and wearing a +0 robe (severely wounded, very poisoned, 64% to hit)
The sting hits Sigmund but does no damage.
Sigmund looks even sicker.
Sigmund is severely wounded.
Sigmund gestures wildly while chanting.
Sigmund flickers and vanishes!
Deactivating autopickup; reactivate with Ctrl-A.
A puff of flame appears from out of thin air!
The puff of flame misses you.
Casting: Sting (safe; 10% risk of failure)
Confirm with . or Enter, or press ? or * to list all spells.
You can't see any susceptible monsters within range! (Use Z to cast anyway.)
Casting: Sting (safe; 10% risk of failure)
Confirm with . or Enter, or press ? or * to list all spells.
Aiming: Sting (safe; 10% risk of failure)
Press: ? - help, Shift-Dir - straight line A magic dart appears from out of thin air!
The magic dart hits you!
A puff of flame appears from out of thin air!
The puff of flame hits you!
* * * LOW HITPOINT WARNING * * *
It was a potion of haste.
You feel yourself speed up.
A magic dart appears from out of thin air!
The magic dart hits you!
You die...

........>..............
#######.........#######
#####.....# ####.## #.# #######
#.#### #...... #....# #.#####
#....# #.# # #..@.# #.# # #....#
#.# ### ##### #....# #.# #.. #
#...# ##....### #.# #.# #
###...### #...{...# #.# #.# #
#.......# #.......#######.# #.# #
#.......# #......†........# #.#
###.......###............#### #.#
#...^....................######.#


There were no monsters in sight!

Vanquished Creatures
  3 adders
  An adder skeleton (D:2)
  2 adder zombies (D:2)
  A worm (D:2)
  A dart slug (D:1)
  4 endoplasms
  2 giant cockroaches
  2 goblins (D:1)
  A hobgoblin (D:2)
  3 kobolds
  4 quokkas
  6 ball pythons (D:1)
  A ball python zombie (D:2)
  5 bats
  3 frilled lizards (D:1)
  3 rats
42 creatures vanquished.

Vanquished Creatures (others)
  A withered plant (D:2)
1 creature vanquished.

Grand Total: 43 creatures vanquished

Notes
Turn   | Place    | Note
-------+----------+-------------------------------------------
     0 | D:1      | tizbic2 the Demigod Venom Mage began the quest for the Orb.
     0 | D:1      | Reached XP level 1. HP: 14/14 MP: 5/5
   175 | D:1      | Found Gyhua's Jewellery Emporium.
   340 | D:1      | Reached XP level 2. HP: 22/22 MP: 5/7
   385 | D:1      | Reached skill level 3 in Poison Magic
   872 | D:2      | Reached XP level 3. HP: 12/27 MP: 3/8
  1142 | D:2      | Noticed Sigmund
  1389 | D:2      | Reached skill level 1 in Fighting
  1763 | D:2      | Reached XP level 4. HP: 25/35 MP: 7/9
  2052 | D:2      | Killed from afar by Sigmund

Illustrated notes

Levels and vault maps discovered:
D:1:      lemuel_arrival_river_ford, layout_loops_ring,
          hellmonk_ecumenical_altar_run_dry, serial_shops,
          nicolae_lakefront_shop, minmay_misc_feat_nine_boxes,
          skrybe_limestone_x
D:2:      layout_basic, serial_undead, serial_undead_a, serial_undead_d,
          serial_undead_e, serial_undead_e, serial_undead_e, serial_undead_e,
          uniq_terence, uniq_sigmund

Skill      XL: |  1  2  3 |
---------------+----------+-----
Dodging        | 2 |  2.6
Poison Magic   | 3 |  3.3
Stealth        | 2 |  2.2
Spellcasting   | 2 |  2.1
Fighting       | 1 |  1.1
Transmutations | |  0.8

Action                   |  1- 3 |  4- 6 || total
-------------------------+-------+-------++-------
Melee: Hand axe          |    56 |     1 ||    57
 Cast: Sting             |    47 |     7 ||    54
  Use: Potion            |       |     1 ||     1
 Stab: Sleeping          |     1 |       ||     1
Armor: Leather armour    |    18 |       ||    18
Dodge: Dodged            |    52 |     2 ||    54
